Map: Acid Plant LE

Players

hinO - Winner!

  • Race: Zerg Zerg
  • Spawn Location: 11:00

Cyan

  • Race: Protoss Protoss
  • Spawn Location: 5:00

Event: WCS Leipzig 2018

VOD

Have the link to the VOD?

Description

Time

  • Played on: Jan. 26, 2018, 7:18 a.m.
  • Length: 10:03

All games in this series

Show
View Real Time Build Order
Export as new Build Order

hinO Zerg - Winner!

Build Orders: Hatch First, Lurkers 

Get SALT Encoding   

  12  0:00  Drone  
  13  0:08  Drone  
  14  0:18  Overlord  
  14  0:25  Extractor  
  14  0:26  Drone  
  15  0:38  Drone x2  
  17  0:54  Hatchery  
  17  0:56  Drone  
  17  0:58  Extractor  
  17  1:02  Drone  
  17  1:16  Spawning Pool  
  16  1:19  Drone  
  16  1:23  Drone  
  18  1:27  Drone  
  19  1:38  Overlord  
  19  1:49  Drone  
  20  1:59  Drone  
  21  2:02  Metabolic Boost, Queen  
  21  2:06  Zergling x2  
  24  2:10  Drone  
  25  2:16  Queen  
  25  2:21  Drone  
  28  2:23  Drone  
  28  2:29  Drone  
  30  2:32  Zergling x2  
  31  2:38  Zergling x2  
  31  2:43  Zergling x2  
  33  2:50  Overlord  
  33  2:56  Hatchery  
  31  2:58  Drone  
  31  3:02  Zergling x2  
  31  3:05  Zergling x2  
  34  3:10  Drone  
  34  3:11  Drone x2  
  37  3:19  Spore Crawler  
  36  3:20  Spore Crawler  
  36  3:22  Drone  
  36  3:25  Drone  
  37  3:30  Overlord  
  37  3:33  Drone  
  38  3:35  Drone  
  38  3:40  Drone x2  
  41  3:42  Drone  
  41  3:46  Overlord  
  42  3:50  Drone  
  42  3:51  Drone  
  43  3:59  Lair  
  43  4:00  Drone x2  
  44  4:04  Overlord  
  44  4:05  Drone  
  44  4:07  Drone  
  44  4:09  Drone  
  47  4:13  Drone x2  
  47  4:15  Drone  
  47  4:16  Drone  
  51  4:18  Extractor  
  51  4:19  Extractor  
  51  4:20  Extractor  
  51  4:21  Drone  
  47  4:26  Drone x2, Spore Crawler  
  47  4:30  Drone x2  
  49  4:34  Drone x2  
  51  4:39  Zergling x4  
  51  4:40  Zergling x4  
  51  4:42  Zergling x2  
  56  4:49  Zergling x4  
  56  4:51  Overlord  
  58  4:55  Zergling x2  
  58  4:56  Queen  
  61  5:01  Hydralisk Den  
  61  5:04  Overlord  
  61  5:05  Drone x2  
  62  5:07  Drone  
  62  5:11  Drone x2  
  62  5:13  Drone  
  65  5:17  Drone x2  
  65  5:19  Drone x2  
  67  5:23  Drone  
  67  5:25  Drone  
  64  5:29  Drone  
  64  5:35  Lurker Den  
  63  5:37  Muscular Augments  
  63  5:40  Hydralisk  
  64  5:46  Hydralisk x2  
  65  5:52  Hydralisk x2  
  65  5:54  Drone  
  65  5:56  Drone  
  71  5:58  Drone  
  71  6:01  Overlord  
  71  6:03  Drone  
  73  6:07  Overlord  
  73  6:09  Overseer  
  73  6:21  Drone  
  73  6:22  Drone x2  
  73  6:23  Overlord  
  76  6:25  Hydralisk x2  
  76  6:26  Hydralisk  
  76  6:30  Hydralisk x2  
  86  6:35  Hydralisk  
  86  6:39  Overlord  
  88  6:42  Hydralisk x2  
  88  6:43  Zergling x4  
  94  6:47  Drone  
  94  6:50  Hydralisk  
  94  6:51  Zergling x2, Evolution Chamber  
  98  6:54  Zergling x2  
  98  7:00  Zergling x2  
  98  7:01  Zergling x4  
  101  7:05  Overlord x2  
  101  7:09  Lurker  
  101  7:13  Lurker x2  
  104  7:15  Overlord  
  104  7:16  Overlord  
  104  7:17  Lurker  
  104  7:21  Zerg Missile Weapons Level 1  
  104  7:22  Lurker  
  106  7:24  Lurker x2  
  106  7:26  Overlord  
  106  7:27  Zergling x2  
  106  7:28  Zergling x8  
  113  7:30  Lurker  
  113  7:32  Overlord  
  113  7:34  Zergling x2  
  113  7:35  Zergling x2  
  114  7:38  Hydralisk  
  114  7:39  Hydralisk  
  114  7:42  Hydralisk  
  114  7:43  Zergling x2  
  110  7:49  Lurker  
  110  7:50  Hydralisk  
  110  7:51  Zergling x6  
  113  7:55  Hydralisk  
  113  7:56  Zergling x6  
  118  8:02  Zergling x8  
  118  8:03  Zergling x2  
  118  8:05  Lurker  
  124  8:09  Zergling x6  
  124  8:10  Zergling x2  
  128  8:16  Hydralisk x2  
  128  8:17  Zergling x2  
  129  8:22  Hydralisk x2  
  129  8:23  Zergling x2  
  129  8:26  Zergling x4  
  129  8:27  Zergling x2  
  123  8:29  Zergling x2  
  123  8:30  Zergling x2  
  123  8:32  Hydralisk  
  123  8:33  Zergling x2  
  122  8:35  Zergling x2  
  122  8:36  Zergling x2  
  122  8:40  Lurker  
  122  8:41  Zergling x4  
  115  8:43  Zergling x2  
  115  8:45  Lurker  
  112  8:51  Zergling x4  
  112  8:52  Hydralisk  
  112  8:59  Zergling x2  
  109  9:03  Zergling x2  
  109  9:05  Lurker  
  109  9:06  Hydralisk  
  102  9:11  Zergling x18  
  106  9:21  Hydralisk  
  106  9:22  Hydralisk x2  
  108  9:25  Zergling x2  
  108  9:30  Zergling x2  
  105  9:34  Lurker  
  105  9:37  Zergling x2  
  105  9:38  Zergling x8  
  105  9:45  Zergling x2  
Show
View Real Time Build Order
Export as new Build Order

Cyan Protoss 

Build Orders: 1 Gate Expand, Oracle Opening, Phoenix Opening, Colossus Rush 

Get SALT Encoding   

  12  0:00  Probe  
  13  0:12  Probe  
  14  0:21  Pylon  
  14  0:24  Probe  
  15  0:39  Probe (Chrono Boost)  
  15  0:40  Gateway  
  16  0:48  Probe (Chrono Boost)  
  17  0:50  Assimilator  
  17  0:53  Probe  
  18  1:05  Probe  
  19  1:17  Probe  
  20  1:27  Nexus  
  20  1:39  Cybernetics Core  
  20  1:40  Probe  
  20  1:46  Assimilator  
  21  1:53  Probe  
  22  1:55  Pylon  
  22  2:05  Probe  
  23  2:13  Adept (Chrono Boost)  
  25  2:17  Probe  
  25  2:20  Stargate  
  26  2:27  Warp Gate  
  26  2:29  Probe  
  27  2:32  Adept  
  29  2:39  Probe (Chrono Boost)  
  29  2:41  Probe (Chrono Boost)  
  31  2:50  Probe (Chrono Boost)  
  31  2:51  Probe (Chrono Boost)  
  33  2:54  Probe (Chrono Boost)  
  33  2:57  Probe  
  34  3:04  Oracle (Chrono Boost)  
  38  3:06  Probe  
  38  3:10  Probe  
  40  3:15  Pylon  
  40  3:18  Probe  
  41  3:22  Probe  
  41  3:26  Gateway  
  42  3:30  Probe  
  42  3:32  Adept  
  43  3:34  Probe  
  43  3:37  Phoenix (Chrono Boost)  
  43  3:40  Shield Battery  
  46  3:43  Gateway  
  46  3:46  Probe  
  46  3:47  Probe  
  48  3:51  Pylon  
  48  3:58  Probe  
  48  4:01  Oracle  
  52  4:03  Probe  
  52  4:08  Robotics Facility  
  53  4:10  Assimilator  
  53  4:13  Probe, Assimilator  
  53  4:15  Probe  
  55  4:25  Probe  
  55  4:27  Probe  
  55  4:30  Pylon  
  57  4:37  Probe  
  57  4:38  Adept  
  60  4:39  Adept  
  62  4:48  Probe  
  62  4:51  Adept  
  65  4:57  Forge  
  65  4:59  Pylon  
  65  5:03  Observer  
  65  5:05  Nexus  
  66  5:07  Robotics Bay  
  66  5:11  Probe  
  63  5:22  Pylon  
  63  5:24  Immortal (Chrono Boost)  
  63  5:25  Pylon  
  63  5:32  Protoss Ground Weapons Level 1 (Chrono Boost)  
  64  5:39  Pylon  
  64  5:41  Gateway  
  64  5:42  Zealot  
  64  5:43  Zealot, Gateway  
  64  5:44  Zealot  
  64  5:47  Shield Battery  
  64  5:49  Probe  
  67  5:51  Colossus (Chrono Boost)  
  73  6:06  Sentry x3  
  73  6:07  Shield Battery, Extended Thermal Lance (Chrono Boost)  
  79  6:11  Gateway  
  79  6:27  Probe, Gateway  
  79  6:28  Gateway  
  79  6:31  Probe  
  81  6:39  Zealot x2  
  85  6:41  Colossus (Chrono Boost)  
  85  6:46  Probe  
  93  6:54  Probe  
  93  6:55  Twilight Council  
  93  6:56  Sentry  
  95  7:02  Zealot x3  
  95  7:05  Observer  
  95  7:06  Photon Cannon  
  101  7:11  Sentry, Zealot  
  101  7:15  Probe x2, Pylon  
  107  7:18  Observer  
  107  7:20  Zealot  
  107  7:22  Zealot  
  111  7:25  Zealot  
  113  7:33  Colossus (Chrono Boost)  
  119  7:48  Zealot x3  
  119  7:49  Protoss Ground Weapons Level 2 (Chrono Boost)  
  125  7:51  Charge (Chrono Boost)  
  125  7:52  Pylon x2  
  125  7:53  Pylon  
  125  8:04  Robotics Facility  
  125  8:10  Probe x2  
  127  8:14  Adept x2  
  127  8:18  Immortal (Chrono Boost)  
  131  8:21  Zealot  
  131  8:22  Zealot x2  
  115  8:32  Zealot x3  
  85  8:41  Zealot x2  
  85  8:47  Zealot x2  
  83  8:51  Observer (Chrono Boost)  
  82  9:00  Zealot x3  
  84  9:03  Probe x2  
  78  9:11  Stalker  
  78  9:14  Sentry x2  
  78  9:16  Sentry  
  80  9:20  Observer  
  78  9:25  Zealot x2  
  74  9:32  Zealot  
  74  9:38  Zealot  
  74  9:40  Zealot  
  74  9:45  Zealot  
  64  9:46  Zealot  
  64  9:52  Zealot  
Tags
 
Add a new tag
Caveats
  • Supply blocks, unpowered buildings, or Contaminate may cause inaccurate times.
  • Supply counts are checked every 10 seconds.